 Dungeon Crawl Stone Soup version 0.28.0-47-ge53b351184 (webtiles) character file.

Game seed: 15865457145670697604

100 SLurp the Shield-Bearer (level 5, -2/41 HPs)
             Began as a Human Fighter on May 6, 2022.
             Was an Initiate of Elyvilon.
             Slain by an ancient zyme (6 damage)
             ... created by the touch of Lugonu
             ... on level 3 of the Dungeon.
             The game lasted 00:33:12 (2830 turns).

SLurp the Shield-Bearer (Human Fighter)             Turns: 2830, Time: 00:33:13

Health: -2/41      AC:  8    Str: 18    XL:     5   Next: 3%
Magic:  5/5        EV:  9    Int:  9    God:    Elyvilon [......]
Gold:   122        SH:  5    Dex: 12    Spells: 4/4 levels left

rFire   + . .      SeeInvis .   a - +0 long sword
rCold   . . .      Faith    .   c - +0 buckler
rNeg    + . .      Spirit   .   b - +0 scale mail
rPois   .          Reflect  .   (no helmet)
rElec   .          Harm     .   (no cloak)
rCorr   .          Rampage  .   g - +0 pair of gloves
Will    .....                   (no boots)
Stlth   ..........              (no amulet)
HPRegen 0.00/turn               r - ring of positive energy
MPRegen 0.09/turn               s - ring of protection from fire

@: mighty, brilliant, sick
A: no striking features
a: Renounce Religion


You were on level 3 of the Dungeon.
You worshipped Elyvilon.
Elyvilon was noncommittal.
You visited 1 branch of the dungeon, and saw 3 of its levels.

You collected 158 gold pieces.
You spent 36 gold pieces at shops.

Inventory:

Hand Weapons
 a - a +0 long sword (weapon)
 n - a +0 short sword
Missiles
 f - 69 stones
 j - 28 bolts
 o - 26 arrows
 p - 6 javelins (quivered)
 t - 4 boomerangs
Armour
 b - a +0 scale mail (worn)
 c - a +0 buckler (worn)
 g - a +0 pair of gloves (worn)
Jewellery
 r - a ring of positive energy (left hand)
 s - a ring of protection from fire (right hand)
Scrolls
 h - a scroll of identify
 q - a scroll of fog {unknown}
Potions
 e - a potion of mutation {unknown}
 i - 2 potions of ambrosia {unknown}
 l - a potion of lignification {unknown}
 m - a potion of heal wounds {unknown}


   Skills:
 + Level 3.3 Fighting
 + Level 3.1 Long Blades
 + Level 3.5 Armour
 * Level 4.0 Shields


You had 4 spell levels left.
You didn't know any spells.
Your spell library contained the following spells:

 Spells                   Type           Power      Damage    Failure   Level
 Animate Dead             Necr           0%         N/A       100%        4
 Borgnjor's Vile Clutch   Necr/Erth      0%         N/A       100%        5
 Death Channel            Necr           0%         N/A       100%        6


Dungeon Overview and Level Annotations

Branches:
Dungeon (3/15)

Altars:
Elyvilon
Hepliaklqana
Xom
Lugonu

Shops:
D:1 [


Message History

The ancient zyme is lightly damaged.
The ancient zyme barely misses you. You block the ancient zyme's attack.
You slash the ancient zyme!
The ancient zyme is moderately damaged.
The ancient zyme barely misses you. The ancient zyme closely misses you.
You closely miss the ancient zyme.
The ancient zyme is moderately damaged.
The ancient zyme hits you but does no damage. x2
You feel ill.
You slash the ancient zyme!
The ancient zyme is heavily damaged.
The ancient zyme hits you. The ancient zyme barely misses you.
The ancient zyme hits you but does no damage.
The ancient zyme hits you.
You feel ill.
You hit the ancient zyme but do no damage.
The ancient zyme is moderately damaged.
The ancient zyme hits you!
The ancient zyme hits you but does no damage.
You hit the ancient zyme but do no damage.
The ancient zyme is moderately damaged.
The ancient zyme barely misses you. The ancient zyme closely misses you.
You barely miss the ancient zyme.
The ancient zyme is moderately damaged.
The ancient zyme hits you but does no damage. x2
The ancient zyme hits you.
* * * LOW HITPOINT WARNING * * *
The ancient zyme hits you!
* * * LOW HITPOINT WARNING * * *
It was a potion of brilliance.
You feel clever all of a sudden.
The ancient zyme hits you but does no damage.
The ancient zyme barely misses you.
You feel very mighty all of a sudden. The ancient zyme hits you.
Elyvilon protects you from harm! You block the ancient zyme's attack.
You slash the ancient zyme!
The ancient zyme is heavily damaged.
The ancient zyme hits you.
You die...

#.# #.#............#.
##.#####.#............#.
###.........###########.#.
########.......................#.
.........#.............#######.#.
###########..####.####.........#.
.............##.....##.#.#####.#.
###########..#.......#........<#.
.............#..@x...#.#.#######.
.##########......_.....#.# #....
.# #..#.......#.#.# #.##. .#
#..#.......#.#.# #.##. .#
#..##.....##.#.# #.### ##
#..####.####.#.. #.#
###########............#.# #.#
#........>..###.#.##.#.# #.#
####..≈≈.P♣♣♣P.≈≈.##.#... #.#


You could see an ancient zyme.

Vanquished Creatures
  Natasha (D:3)
  2 adders (D:3)
  2 worms
  3 dart slugs
  5 endoplasms
  5 giant cockroaches
  4 hobgoblins
  3 jackals
  7 kobolds
  5 ball pythons
  A bat (D:1)
  3 frilled lizards (D:2)
  3 goblins
  2 rats
46 creatures vanquished.

Notes
Turn   | Place    | Note
-------+----------+-------------------------------------------
     0 | D:1      | SLurp the Human Fighter began the quest for the Orb.
     0 | D:1      | Reached XP level 1. HP: 18/18 MP: 1/1
   257 | D:1      | Reached XP level 2. HP: 17/24 MP: 2/2
   385 | D:1      | Found Sookunn's Antique Armour Shoppe.
   630 | D:1      | Reached XP level 3. HP: 29/29 MP: 3/3
   975 | D:1      | Bought a leather armour for 36 gold pieces
  1022 | D:2      | Found a hazy altar of Hepliaklqana.
  1244 | D:2      | Found a faded altar of an unknown god.
  1296 | D:2      | Prayed at the altar of an unknown god.
  1296 | D:2      | Became a worshipper of Lugonu the Unformed
  1296 | D:2      | Reached * piety under Lugonu
  1296 | D:2      | Reached ** piety under Lugonu
  2053 | D:3      | Reached XP level 4. HP: 35/35 MP: 4/4
  2081 | D:3      | Found a shimmering altar of Xom.
  2310 | D:3      | Found a white marble altar of Elyvilon.
  2320 | D:3      | Fell from the grace of Lugonu
  2320 | D:3      | Became a worshipper of Elyvilon the Healer
  2608 | D:3      | Noticed Natasha
  2625 | D:3      | Killed Natasha
  2626 | D:3      | Reached skill level 4 in Shields
  2642 | D:3      | Reached XP level 5. HP: 12/41 MP: 5/5
  2819 | D:3      | Noticed an ancient zyme
  2829 | D:3      | Elyvilon protects you from harm!
  2830 | D:3      | Slain by an ancient zyme

Illustrated notes

Levels and vault maps discovered:
D:1:      minmay_arrival_radiant_lines, layout_rooms, serial_shops,
          nicolae_shop_waterfront, serial_curves, eino_curves_01, eino_curves_03
D:2:      layout_rooms, basic_altar, chequers_ecumenical_altar_island,
          small_statue_intersection, minmay_pentomino_o4
D:3:      layout_basic, old_standard_altar, nicolae_elyvilon_peaceful_grove,
          serial_co_window_serial, co_window_corner_a, co_window_cross_1,
          co_window_paths_a, co_window_cross_1, co_window_corner_a,
          co_window_corner_a, co_window_paths_a, co_window_paths_c,
          co_window_corner_ca, co_window_2corner, co_window_paths_c,
          co_window_paths_c, co_window_of_opportunity_c, co_window_paths_c,
          co_window_paths_d, glass_columns_a, glass_columns_a,
          skrybe_limestone_x, uniq_natasha

Skill      XL: |  1  2  3  4 |
---------------+-------------+-----
Long Blades    | 3 |  3.1
Shields        | 4 |  4.0
Fighting       | |  3.3
Armour         | |  3.5

Action                   |  1- 3 |  4- 6 || total
-------------------------+-------+-------++-------
Melee: Long sword        |   126 |    41 ||   167
  Use: Potion            |     1 |     2 ||     3
       Scroll            |     1 |       ||     1
Armor: Scale mail        |    91 |    15 ||   106
Dodge: Dodged            |    76 |    25 ||   101
Block: Buckler           |    39 |     8 ||    47
